 Dungeon Crawl Stone Soup version 0.21.1-1-g345015fe64 (webtiles) character file.

107492 Norrik the Severer (level 16, -9/151 HPs)
             Began as a Minotaur Monk on Mar 24, 2018.
             Was the Champion of Okawaru.
             Mangled by a blink frog (15 damage)
             ... on level 6 of the Lair of Beasts.
             The game lasted 01:39:32 (24825 turns).

Norrik the Severer (Minotaur Monk)                 Turns: 24825, Time: 01:39:35

Health: -9/151     AC: -5    Str: 21    XL:     16   Next: 0%
Magic:  22/22      EV: 15    Int: 11    God:    Okawaru [******]
Gold:   1468       SH:  0    Dex: 14    Spells: 15/15 levels left

rFire    + + .     SeeInvis +   E - +4 battleaxe (elec)
rCold    x . .     Gourm    .   (shield currently unavailable)
rNeg     + . .     Faith    .   B - +5 plate armour of Jozy {rC- rN+ SInv}
rPois    .         Spirit   .   R - +1 hat {Int+3}
rElec    .         Reflect  .   y - +0 cloak
rCorr    .         Harm     +   k - +0 pair of gloves
MR       ++...                  p - +2 pair of boots
Stlth    ..........             C - amulet of harm
HPRegen  0.35/turn              N - +2 ring of evasion
MPRegen  0.18/turn              i - ring of Kaehimmoa {rF++ MR+ Slay+3 SInv}

@: lethally poisoned (-9 -> -12), corroded
A: retaliatory headbutt, horns 2
a: Heroism, Finesse, Renounce Religion


You were on level 6 of the Lair of Beasts.
You worshipped Okawaru.
Okawaru was exalted by your worship.
You were not hungry.

You visited 4 branches of the dungeon, and saw 24 of its levels.
You also visited: Labyrinth.

You collected 1743 gold pieces.
You spent 275 gold pieces at shops.

Inventory:

Hand Weapons
 a - a +0 spear
 E - a +4 battleaxe of electrocution (weapon)
 L - a +1 executioner's axe of chopping
Missiles
 u - 760 arrows
 H - a throwing net (quivered)
Armour
 k - a +0 pair of gloves (worn)
 p - a +2 pair of boots (worn)
 y - a +0 cloak (worn)
 B - the +5 plate armour of Jozy (worn) {rC- rN+ SInv}
   (Okawaru gifted it to you on level 11 of the Dungeon)

   It makes you vulnerable to cold.
   It protects you from negative energy.
   It lets you see invisible.
 R - a +1 hat of intelligence (worn)
Jewellery
 i - the ring of Kaehimmoa (right hand) {rF++ MR+ Slay+3 SInv}
   (You took it off a minotaur in a labyrinth)

   [ring of see invisible]

   It affects your accuracy and damage with ranged weapons and melee attacks
   (+3).
   It greatly protects you from fire.
   It affects your resistance to hostile enchantments.
   It lets you see invisible.
 j - an uncursed ring of protection from cold
 A - an uncursed ring of ice
 C - an amulet of harm (around neck)
 N - a +2 ring of evasion (left hand)
Wands
 f - a wand of iceblast (11)
 F - a wand of enslavement (17)
 G - a wand of flame (12)
 J - a wand of polymorph (6)
 S - a wand of digging (17)
 T - a wand of paralysis (25)
 U - a wand of scattershot (10)
Scrolls
 b - 2 scrolls of fog
 d - 3 scrolls of enchant weapon
 e - 6 scrolls of amnesia
 h - 5 scrolls of remove curse
 o - a scroll of acquirement {unknown}
 q - 7 scrolls of teleportation
 v - a scroll of fear {unknown}
 x - 3 scrolls of enchant armour
 P - a scroll of vulnerability {unknown}
 Z - 2 scrolls of magic mapping
Potions
 g - a potion of ambrosia
 l - a potion of heal wounds
 m - a potion of invisibility
 n - 6 potions of curing
 r - 6 potions of mutation
 s - a potion of might
 t - 2 potions of flight
 w - 3 potions of lignification
 z - 3 potions of agility
 D - 3 potions of brilliance
 I - 5 potions of magic
 V - a potion of haste
 W - a potion of resistance
 Y - a potion of cancellation {unknown}
Books
 M - a book of Cantrips

   Spells                             Type                      Level
   a - Confusing Touch                Hexes                        1
   b - Animate Skeleton               Necromancy                   1
   c - Summon Small Mammal            Summoning                    1
   d - Apportation                    Translocation                1
 O - the Catalogue of Augmentations
   (You found it in a labyrinth)

   Spells                             Type                      Level
   a - Deflect Missiles               Charms/Air                   6
   b - Ring of Flames                 Charms/Fire                  7
Comestibles
 c - 51 rations


   Skills:
 + Level 16.2 Fighting
 + Level 17.9(18.1) Axes
 - Level 3.6(12.6) Polearms
 + Level 15.8 Armour
 - Level 11.0 Dodging
 - Level 1.5 Stealth
 - Level 9.8 Invocations
 + Level 4.8 Evocations


You had 15 spell levels left.
You didn't know any spells.

Dungeon Overview and Level Annotations

Branches:
Dungeon (15/15)            Temple (1/1) D:6            Lair (6/6) D:11
  Swamp (0/4) Lair:2        Snake (0/4) Lair:4        Slime (0/5) Lair:5
    Orc (2/2) D:11            Elf (0/3) Orc:2        Vaults (0/5) D:14
 Depths (0/5) D:15

Altars:
Ashenzari
Cheibriados
Dithmenos
Gozag
Hepliaklqana
Kikubaaqudgha
Makhleb
Okawaru
Qazlal
Trog
Xom
Yredelemnul
The Shining One

Shops:
D:5 %   D:7 *   D:8 *   D:11 [   Orc:2 :=*[(


Innate Abilities, Weirdness & Mutations

You reflexively headbutt those who attack you in melee.
You have a pair of horns on your head.


Message History

The plant is destroyed!
The spiny frog closely misses you. 2 blink frogs come into view.
You hit the spiny frog.
You headbutt the spiny frog, but do no damage.
The spiny frog is lightly wounded.
You hit the plant but do no damage. You closely miss the spiny frog.
You feel sick.
The blink frog blinks!
The spiny frog barely misses you. You furiously retaliate!
You headbutt the spiny frog, but do no damage.
The blink frog hits you!
* * * LOW HITPOINT WARNING * * *
A spiny frog comes into view.
As you read the scroll of summoning, it crumbles to dust.
Wisps of shadow whirl around you...
You feel sick.
The spiny frog gives a loud, deep croak!
The spiny frog stings you!
* * * LOW HITPOINT WARNING * * *
The blink frog barely misses you. The blink frog hits you!
You die...

.≈≈≈≈≈w≈≈ ####≈.#.
.≈≈≈≈SP.≈P≈≈F≈≈≈
###≈P≈.#. ≈≈≈..≈P###
###≈≈.≈≈≈#.
≈≈.≈≈≈PPP####≈≈≈≈≈≈≈≈P..
≈.≈≈P:}(PP.≈≈≈≈≈≈≈≈PP...
≈≈≈PS$(=P≈≈≈≈≈P≈≈P≈≈≈≈÷†
≈.≈≈!$FPP.≈≈≈≈≈≈≈≈≈≈÷÷..
#PPPFP.≈F≈≈≈≈≈≈≈≈≈÷÷÷.
#####≈H@F§≈P≈F≈≈≈≈≈≈....
.≈≈≈≈≈FF≈t≈≈≈≈≈≈≈≈≈≈..†.
≈≈≈≈P#≈≈≈t≈P≈≈≈≈≈≈≈....≈
≈≈≈≈ ####≈≈P≈≈≈≈≈P≈.....
P≈≈ ≈≈≈≈≈≈≈≈≈...... ≈≈
P≈≈≈≈≈≈≈≈≈..... ≈
≈≈≈≈≈...≈≈.P..
.......####... .≈≈≈##
#....


You could see 3 spiny frogs, 4 blink frogs, a water moccasin, a bullfrog, a
friendly hippogriff and 2 friendly crocodiles.

Vanquished Creatures
  Louise (D:14)
  2 orc warlords
  The ghost of VanClaymore the Blocker, a journeyman GrMo of Qazlal (Orc:2)
  The ghost of epok the Bludgeoner, a journeyman GrBe of Trog (Orc:2)
  A dire elephant (D:15)
  Fannar (D:11)
  A minotaur (Lab)
  Harold (D:10)
  5 hydras
  Erolcha (D:12)
  4 centaur warriors
  16 two-headed ogres
  A catoblepas (D:15)
  An ogre mage (D:15)
  The ghost of Oravi the Slinger, a journeyman HaFi of Okawaru (D:9)
  A queen ant (Lair:6)
  A tengu warrior (D:15)
  3 death yaks
  3 orc high priests (Orc:2)
  Urug (D:15)
  A fire crab (Lair:5)
  7 skeletal warriors (D:14)
  2 unseen horrors (D:15)
  The ghost of tensugalgo the Cleaver, a novice NaAs (D:8)
  A wizard (D:14)
  A harpy (shapeshifter) (D:13)
  2 necromancers
  5 orc sorcerers
  4 orc knights
  12 ugly things
  A salamander (D:15)
  An oklob plant (Lair:4)
  2 manticores
  4 cyclopes
  4 black mambas
  3 centaur skeletons
  2 gargoyles
  2 torpor snails
  23 spiny frogs
  4 komodo dragons
  4 kobold demonologists
  A redback zombie (D:13)
  2 tengu conjurers
  2 rime drakes
  A queen bee (D:9)
  6 trolls
  A hornet (shapeshifter) (D:14)
  6 slime creatures
  13 blink frogs
  3 tyrant leeches
  Grinder (D:3)
  The ghost of VanClaymore the Cudgeler, an amateur GrMo (D:3)
  16 dream sheep
  11 hippogriffs
  A wraith (D:10)
  2 vampires
  35 yaks
  7 wyverns
  2 shadows
  2 basilisks
  8 vampire mosquitoes
  A steam dragon (D:9)
  9 hungry ghosts
  Menkaure (D:4)
  5 wargs
  Edmund (D:4)
  7 nagas (Lair:4)
  2 swamp worms (Lair:2)
  2 insubstantial wisps (D:9)
  8 soldier ants
  An acid dragon (D:15)
  8 porcupines
  10 water moccasins
  Duvessa (D:3)
  A black bear (D:7)
  6 phantoms
  8 sky beasts
  2 ice beasts (D:8)
  10 ogres
  40 orc warriors
  4 wolves (Lair:5)
  A boggart (shapeshifter) (D:14)
  25 centaurs
  14 crocodiles
  2 big kobolds
  Blork the orc (D:4)
  25 bullfrogs
  A wyvern zombie (D:7)
  A wyvern skeleton (D:7)
  Dowan (D:3)
  5 scorpions
  46 killer bees
  6 wights
  6 howler monkeys
  2 electric eels (Lair:6)
  7 crimson imps
  A quasit (D:8)
  3 bullfrog zombies
  4 centaur zombies
  2 bullfrog skeletons (D:5)
  4 hounds
  23 orc priests
  33 orc wizards
  5 jellies
  Ijyb (D:3)
  3 iguanas
  Natasha (thrice) (D:4)
  4 hell rats (Lair:3)
  11 worker ants
  A hound zombie (D:11)
  4 hound skeletons
  3 gnolls
  10 adders
  3 shadow imps
  An ooze (D:1)
  An adder zombie (D:6)
  An adder skeleton (D:4)
  3 worms
  5 dart slugs
  3 leopard geckos
  102 orcs
  3 ball pythons
  7 bats
  2 giant cockroaches (D:3)
  12 goblins
  8 hobgoblins
  27 jackals
  10 kobolds
  5 quokkas
  A leopard gecko skeleton (D:7)
  A quokka skeleton (D:4)
  3 rats (D:1)
  2 fungi
  6 plants
845 creatures vanquished.

Vanquished Creatures (others)
  2 orcs (D:9)
  8 fungi
  21 plants (Lair:6)
31 creatures vanquished.

Grand Total: 876 creatures vanquished

Notes
Turn   | Place    | Note
-------+----------+-------------------------------------------
     0 | D:1      | Norrik the Minotaur Monk began the quest for the Orb.
     0 | D:1      | Reached XP level 1. HP: 19/19 MP: 0/0
    26 | D:1      | Reached skill level 1 in Armour
    33 | D:1      | Reached XP level 2. HP: 21/27 MP: 1/1
   349 | D:1      | Reached XP level 3. HP: 28/34 MP: 2/2
  1056 | D:2      | Found an opulent altar of Gozag.
  1115 | D:2      | Reached XP level 4. HP: 39/41 MP: 3/3
  1133 | D:2      | Found a shadowy altar of Dithmenos.
  1347 | D:3      | Noticed Ijyb
  1371 | D:3      | Noticed VanClaymore's ghost (amateur GrMo)
  1512 | D:3      | Reached skill level 5 in Fighting
  1719 | D:3      | Killed Ijyb
  1870 | D:3      | Reached XP level 5. HP: 48/48 MP: 4/4
  1909 | D:3      | Noticed Grinder
  1931 | D:3      | Killed Grinder
  1931 | D:3      | Reached skill level 5 in Armour
  1931 | D:3      | Reached XP level 6. HP: 38/58 MP: 5/5
  2161 | D:3      | Killed VanClaymore's ghost
  2177 | D:3      | Reached XP level 7. HP: 58/66 MP: 6/6
  2446 | D:4      | Noticed Natasha
  2455 | D:4      | Killed Natasha
  2488 | D:4      | Noticed Natasha
  2496 | D:4      | Killed Natasha
  2514 | D:4      | Noticed Duvessa
  2531 | D:4      | Noticed Dowan
  2710 | D:4      | Noticed Natasha
  2726 | D:3      | Killed Duvessa
  2728 | D:3      | Killed Dowan
  2742 | D:4      | Killed Natasha
  2900 | D:4      | Noticed Edmund
  2903 | D:4      | Noticed Menkaure
  3155 | D:4      | Killed Menkaure
  3155 | D:4      | Reached XP level 8. HP: 41/77 MP: 7/7
  3448 | D:4      | Killed Edmund
  3715 | D:5      | Entered Level 5 of the Dungeon
  4215 | D:5      | Found Rovate's Food Shop.
  4266 | D:5      | Reached skill level 10 in Fighting
  4278 | D:5      | Noticed Blork the orc
  4328 | D:4      | Killed Blork the orc
  4617 | D:5      | Reached XP level 9. HP: 86/86 MP: 8/8
  4884 | D:6      | Reached skill level 10 in Armour
  4893 | D:6      | Found a staircase to the Ecumenical Temple.
  4907 | Temple   | Entered the Ecumenical Temple
  4919 | Temple   | Became a worshipper of Warmaster Okawaru
  4919 | Temple   | Reached * piety under Okawaru
  4919 | Temple   | Reached ** piety under Okawaru
  5315 | D:7      | Reached skill level 1 in Axes
  5337 | D:7      | Reached skill level 3 in Axes
  5394 | D:7      | Reached skill level 4 in Axes
  5447 | D:7      | Found Zauguir's General Store.
  5525 | D:7      | Reached skill level 5 in Axes
  5721 | D:7      | Reached skill level 6 in Axes
  5848 | D:7      | Reached *** piety under Okawaru
  6143 | D:8      | Noticed a two-headed ogre
  6152 | D:8      | Reached skill level 8 in Axes
  6163 | D:8      | Killed a two-headed ogre
  6163 | D:8      | Reached **** piety under Okawaru
  6163 | D:8      | Reached skill level 9 in Axes
  6163 | D:8      | Reached XP level 10. HP: 19/95 MP: 7/9
  6538 | D:8      | Noticed tensugalgo's ghost (novice NaAs)
  6557 | D:8      | Reached skill level 10 in Axes
  6573 | D:8      | Killed tensugalgo's ghost
  6650 | D:8      | Reached skill level 11 in Axes
  7047 | D:8      | Found Plog's General Store.
  7387 | D:9      | Noticed a two-headed ogre
  7400 | D:9      | Killed a two-headed ogre
  7400 | D:9      | Reached skill level 12 in Axes
  7670 | D:9      | Noticed a two-headed ogre
  7677 | D:9      | Killed a two-headed ogre
  7677 | D:9      | Reached ***** piety under Okawaru
  7782 | D:9      | Reached skill level 13 in Axes
  7824 | D:9      | Reached XP level 11. HP: 38/102 MP: 10/10
  8311 | D:9      | Noticed a two-headed ogre
  8326 | D:9      | Killed a two-headed ogre
  8326 | D:9      | Reached skill level 14 in Axes
  9380 | D:9      | Noticed Oravi's ghost (journeyman HaFi)
  9417 | D:9      | Killed Oravi's ghost
  9417 | D:9      | Reached skill level 15 in Axes
  9639 | D:10     | Entered Level 10 of the Dungeon
  9769 | D:10     | Noticed Harold
  9792 | D:10     | Killed Harold
 10103 | D:10     | Noticed a necromancer
 10123 | D:10     | Killed a necromancer
 10199 | D:10     | Received a gift from Okawaru
 10203 | D:10     | Noticed a two-headed ogre
 10217 | D:10     | Killed a two-headed ogre
 10217 | D:10     | Reached skill level 5 in Dodging
 10562 | D:10     | Found an opulent altar of Gozag.
 10664 | D:10     | Reached XP level 12. HP: 106/110 MP: 11/11
 10690 | D:10     | Noticed a two-headed ogre
 10710 | D:10     | Killed a two-headed ogre
 10995 | D:11     | Found a labyrinth entrance.
 11063 | D:11     | Found a staircase to the Lair.
 11073 | D:11     | Noticed Fannar
 11106 | D:11     | Killed Fannar
 11106 | D:11     | Reached skill level 10 in Dodging
 11116 | D:11     | Found Ykitz's Armour Emporium.
 11147 | Lab      | Entered a labyrinth
 11588 | Lab      | Noticed a minotaur
 11596 | Lab      | Killed a minotaur
 11598 | Lab      | Got a flickering lead ring
 11617 | Lab      | Identified the Handbook of Earth and Augmentations
 11627 | Lab      | Identified the Catalogue of Augmentations
 12032 | D:11     | Identified the ring of Kaehimmoa {rF++ MR+ Slay+3 SInv} (You took it off a minotaur in a labyrinth)
 12063 | D:11     | Found a glowing golden altar of the Shining One.
 12109 | D:11     | Reached skill level 1 in Invocations
 12127 | D:11     | Received a gift from Okawaru
 12130 | D:11     | Got a polished plate armour {god gift}
 12141 | D:11     | Identified the +5 plate armour of Jozy {rC- rN+ SInv} (Okawaru gifted it to you on level 11 of the Dungeon)
 12179 | D:11     | Noticed a two-headed ogre
 12186 | D:11     | Killed a two-headed ogre
 12203 | D:11     | Found a staircase to the Orcish Mines.
 12615 | D:12     | Noticed a centaur warrior
 12630 | D:12     | Killed a centaur warrior
 13194 | D:12     | Noticed Erolcha
 13209 | D:12     | Killed Erolcha
 13379 | D:13     | Noticed a centaur warrior
 13379 | D:13     | Noticed a centaur warrior
 13484 | D:13     | Killed a centaur warrior
 13498 | D:13     | Reached XP level 13. HP: 76/117 MP: 12/15
 13513 | D:13     | Reached ****** piety under Okawaru
 14016 | D:13     | Reached skill level 5 in Invocations
 14517 | D:14     | Received a gift from Okawaru
 14518 | D:14     | Found the +8 Wrath of Trog {antimagic, *Rage}
 14774 | D:14     | Received a gift from Okawaru
 15036 | D:14     | Found a gate to the Vaults.
 15117 | D:14     | Noticed Louise
 15136 | D:14     | Killed Louise
 15258 | D:14     | Found a stormy altar of Qazlal.
 15480 | D:14     | Reached XP level 14. HP: 95/130 MP: 18/18
 15722 | D:15     | Entered Level 15 of the Dungeon
 15760 | D:15     | Received a gift from Okawaru
 15821 | D:15     | Reached skill level 16 in Axes
 16326 | D:15     | Noticed Urug
 16341 | D:15     | Killed Urug
 16341 | D:15     | Received a gift from Okawaru
 16631 | D:15     | Found a glowing golden altar of the Shining One.
 16737 | D:15     | Found a staircase to the Depths.
 17388 | Orc:1    | Entered Level 1 of the Orcish Mines
 17402 | Orc:1    | Noticed an orc warlord
 17467 | Orc:1    | Killed an orc warlord
 17473 | Orc:1    | Received a gift from Okawaru
 17857 | Orc:2    | Entered Level 2 of the Orcish Mines
 17878 | Orc:2    | Noticed epok's ghost (journeyman GrBe)
 17891 | Orc:2    | Killed epok's ghost
 18182 | Orc:2    | Found a staircase to the Elven Halls.
 18237 | Orc:2    | Found Lyocs's Book Shop.
 18370 | Orc:2    | Noticed VanClaymore's ghost (journeyman GrMo)
 18391 | Orc:2    | Killed VanClaymore's ghost
 18470 | Orc:2    | Noticed an orc warlord
 18593 | Orc:2    | Killed an orc warlord
 19020 | Orc:2    | Received a gift from Okawaru
 19478 | Orc:2    | Found Eblylok's Antique Armour Emporium.
 19484 | Orc:2    | Found Omner's Antique Weapon Emporium.
 19486 | Orc:2    | Found Didd's General Store.
 19486 | Orc:2    | Found Nera's Jewellery Shoppe.
 19502 | Orc:2    | Bought an uncursed ring of protection from cold for 275 gold pieces
 19540 | Orc:2    | Reached skill level 15 in Fighting
 19540 | Orc:2    | Reached skill level 17 in Axes
 19540 | Orc:2    | Reached XP level 15. HP: 134/141 MP: 21/21
 19749 | Orc:2    | Received a gift from Okawaru
 19781 | Orc:2    | Got a polished battleaxe {god gift}
 19782 | Orc:2    | Identified the +1 battleaxe of Dynaav {protect, Int+4 Stlth-} (Okawaru gifted it to you on level 2 of the Orcish Mines)
 20013 | Lair:1   | Entered Level 1 of the Lair of Beasts
 20988 | Lair:2   | Reached skill level 1 in Evocations
 21085 | Lair:2   | Found a staircase to the Swamp.
 21588 | Lair:3   | Identified Bidghexis's Grimoire of Mutagenic Fire
 22122 | Lair:4   | Reached skill level 15 in Armour
 22242 | Lair:4   | Received a gift from Okawaru
 22601 | Lair:4   | Found a staircase to the Snake Pit.
 22635 | Lair:4   | Found a shadowy altar of Dithmenos.
 23666 | Lair:5   | Found a staircase to the Slime Pits.
 24316 | Lair:6   | Entered Level 6 of the Lair of Beasts
 24759 | Lair:6   | Received a gift from Okawaru
 24813 | Lair:6   | Reached XP level 16. HP: 54/151 MP: 22/22
 24825 | Lair:6   | HP: 6/151 [spiny frog (12)]
 24825 | Lair:6   | Mangled by a blink frog

Skill      XL: |  1  2  3  4  5  6  7  8  9 10 11 12 13 14 15 |
---------------+----------------------------------------------+-----
Armour         | 1 2 3 5 6 7 9 10 11 13 14 15 | 15.8
Fighting       | 4 5 6 7 8 10 11 13 15 16 | 16.2
Axes           | 9 13 15 17 | 17.9
Dodging        | 6 11 | 11.0
Invocations    | 4 7 9 |  9.8
Evocations     | 4 |  4.8
Polearms       | |  3.6
Stealth        | |  1.5

Action                   |  1- 3 |  4- 6 |  7- 9 | 10-12 | 13-15 | 16-18 || total
-------------------------+-------+-------+-------+-------+-------+-------++-------
Melee: Spear             |   102 |   149 |   325 |       |    20 |       ||   596
       Headbutt          |    10 |    33 |   110 |   133 |   192 |     1 ||   479
       War axe           |       |       |   182 |   698 |   258 |       ||  1138
       Punch             |       |       |       |     6 |     5 |       ||    11
       Battleaxe         |       |       |       |       |   642 |     2 ||   644
Invok: Heroism           |       |       |     3 |    29 |    18 |       ||    50
Evoke: Wand              |       |     1 |       |       |    14 |       ||    15
  Use: Scroll            |       |     4 |     5 |    10 |    21 |     2 ||    42
       Potion            |       |       |       |     4 |     2 |     1 ||     7
 Stab: Sleeping          |     2 |     1 |       |       |       |       ||     3
       Distracted        |       |     1 |       |     1 |       |       ||     2
  Eat: Chunk             |     1 |     3 |    14 |    20 |    35 |       ||    73
       Ration            |       |       |       |     3 |     1 |       ||     4
Armor: Robe              |    12 |    15 |       |       |       |       ||    27
       Scale mail        |       |    35 |   159 |       |       |       ||   194
       Plate armour      |       |       |   161 |   431 |   489 |       ||  1081
Dodge: Dodged            |    42 |    76 |   286 |   343 |   641 |     5 ||  1393
